 Dungeon Crawl Stone Soup version 0.20.0-7-g3b7b877 (webtiles) character file.

47 MTVSty1e the Magician (level 3, -2/26 HPs)
             Began as a Mummy Summoner on May 29, 2017.
             Slain by an adder (3 damage)
             ... on level 2 of the Dungeon.
             The game lasted 00:03:47 (1386 turns).

MTVSty1e the Magician (Mummy Summoner)              Turns: 1386, Time: 00:03:47

Health: -2/26      AC:  3    Str: 11    XL:     3   Next: 48%
Magic:  5/7        EV: 12    Int: 15    God:
Gold:   46         SH:  0    Dex: 15    Spells: 7/8 levels left

rFire    x . .     SeeInvis .   e - +0 dagger
rCold    + . .     Gourm    .   (no shield)
rNeg     + + +     Faith    .   a - +0 robe
rPois    ∞         Spirit   .   (no helmet)
rElec    .         Reflect  .   j - +0 cloak
rCorr    .         Harm     .   (no gloves)
MR       .....                  (no boots)
Stlth    ++........             (no amulet)
Regen    0.1/turn               c - +3 ring of dexterity
MPRegen  0.1/turn               (no ring)

@: no status effects
A: no food or potions, fire vulnerability, cold resistance 1, negative energy
resistance 3, torment resistance, unbreathing
a: no special abilities


You were on level 2 of the Dungeon.
You were not hungry.

You visited 1 branch of the dungeon, and saw 2 of its levels.

You collected 46 gold pieces.

Inventory:

Hand Weapons
 e - a +0 dagger (weapon)
Armour
 a - a +0 robe (worn)
 j - a +0 cloak (worn)
Jewellery
 c - a +3 ring of dexterity (left hand)
Scrolls
 d - a scroll of magic mapping {unknown}
 f - a scroll of remove curse
 g - 4 scrolls of identify {unknown}
 h - a scroll of fog {unknown}
 i - 4 scrolls of recharging {unknown}
 k - a scroll of teleportation {unknown}
Books
 b - a book of Callings

   Spells                             Type                      Level
   a - Summon Small Mammal            Summoning                    1
   b - Call Imp                       Summoning                    2
   c - Call Canine Familiar           Summoning                    3
   d - Summon Guardian Golem          Hexes/Summoning              3
   e - Summon Lightning Spire         Summoning/Air                4
   f - Summon Ice Beast               Ice/Summoning                4


   Skills:
 * Level 1.4 Fighting
 + Level 0.2 Short Blades
 + Level 1.9 Dodging
 + Level 1.8 Stealth
 + Level 3.4 Spellcasting
 + Level 3.4 Summonings


You had 7 spell levels left.
You knew the following spells:

 Your Spells              Type           Power        Failure   Level  Hunger
a - Summon Small Mammal   Summ           ##..         4%          1    N/A

Dungeon Overview and Level Annotations

Branches:
Dungeon (2/15)

Altars:


Innate Abilities, Weirdness & Mutations

You do not eat or drink.
Your flesh is vulnerable to fire.
You are immune to poison.
Your flesh is cold resistant. (rC+)
You are immune to negative energy. (rN+++)
You are immune to unholy pain and torment.
You can survive without breathing.


Message History

Confirm with . or Enter, or press ? or * to list all spells.
Your rat misses the adder. The adder closely misses you.
Your bat misses the adder.
Your rat bites the adder.
Your rat misses the adder.
Your bat hits the adder but does no damage.
The adder barely misses you.
Your rat closely misses the adder.
Your bat misses the adder.
There is an open door here.
Your bat completely misses the adder. x2; The adder bites you.
* * * LOW HITPOINT WARNING * * *
There's a creature in the doorway!
You can't drink.
You miss the adder.
The adder is lightly wounded.
Your bat completely misses the adder.
The adder misses you.
You hit the adder.
The adder is moderately wounded.
Your bat barely misses the adder.
Your bat hits the adder but does no damage.
The adder bites you.
You die...

#.....#............####
#.....#................
#.....#######).........
#.....# #..........
#.....# #..........
#.....# #..(.......
#.....# ####.......
####.....##########.#.....
.......bS@................
#######'###########.#.....
#.# #.#..... #########r###
#####.###### #.....†..r..#
#.........# ............#
#.####....# ............#
#.........# ............#
#####.).<.# #...........#
#.....#


You could see an adder and a friendly bat.

Vanquished Creatures
  An adder (D:2)
  An ooze (D:1)
  2 dart slugs
  3 bats (D:1)
  2 goblins (D:1)
  3 hobgoblins (D:1)
  3 jackals (D:1)
  A ball python (D:1)
  A frilled lizard (D:2)
  7 kobolds
  A rat (D:1)
25 creatures vanquished.

Vanquished Creatures (collateral kills)
  A dart slug (D:2)
  A giant cockroach (D:1)
  A goblin (D:1)
  2 bats (D:1)
  A frilled lizard (D:1)
6 creatures vanquished.

Grand Total: 31 creatures vanquished

Notes
Turn   | Place    | Note
-------+----------+-------------------------------------------
     0 | D:1      | MTVSty1e the Mummy Summoner began the quest for the Orb.
     0 | D:1      | Reached XP level 1. HP: 13/13 MP: 4/4
   230 | D:1      | Reached XP level 2. HP: 11/20 MP: 4/6
   428 | D:1      | Reached skill level 1 in Fighting
   826 | D:1      | Reached XP level 3. HP: 21/26 MP: 5/7
  1383 | D:2      | HP: 1/26 [adder (2)]
  1386 | D:2      | Slain by an adder

Skill      XL: |  1  2 |
---------------+-------+-----
Spellcasting   | 3 |  3.4
Fighting       | 1 |  1.4
Short Blades   | |  0.2
Dodging        | |  1.9
Stealth        | |  1.8
Summonings     | |  3.4

Action                   || total
-------------------------++-------
Melee: Dagger            ||   124
       Unarmed           ||    13
 Cast: Summon Small Mamm ||    21
  Use: Scroll            ||     2
 Stab: Sleeping          ||     2
Armor: Robe              ||    37
Dodge: Dodged            ||   113
